 Dungeon Crawl Stone Soup version 0.24.0-123-gd5b16e6ec5 (webtiles) character file.

Game seed: 16130804884344242660, levelgen mode: deterministic

101 Curus the Slasher (level 4, 0/39 HPs)
             Began as a Minotaur Fighter on Feb 7, 2020.
             Killed by divine providence
             ... invoked by an orc priest
              (13 damage)
             ... on level 3 of the Dungeon.
             The game lasted 00:03:22 (1137 turns).

Curus the Slasher (Minotaur Fighter)                Turns: 1137, Time: 00:03:22

Health: 0/39       AC:  8    Str: 20    XL:     4   Next: 48%
Magic:  3/3        EV:  7    Int:  6    God:
Gold:   96         SH:  9    Dex: 10    Spells: 3/3 levels left

rFire    . . .     SeeInvis .   a - +0 long sword
rCold    . . .     Gourm    .   c - +0 shield
rNeg     . . .     Faith    .   b - +0 scale mail
rPois    .         Spirit   .   (helmet restricted)
rElec    .         Reflect  .   (no cloak)
rCorr    .         Harm     .   g - +0 pair of gloves
MR       .....                  (no boots)
Stlth    ..........             (no amulet)
HPRegen  0.13/turn              (no ring)
MPRegen  0.08/turn              (no ring)

@: no status effects
A: retaliatory headbutt, horns 2
a: no special abilities


You were on level 3 of the Dungeon.
You were hungry.

You visited 1 branch of the dungeon, and saw 3 of its levels.

You collected 96 gold pieces.

Inventory:

Hand Weapons
 a - a +0 long sword (weapon)
Armour
 b - a +0 scale mail (worn)
 c - a +0 shield (worn)
 g - a +0 pair of gloves (worn)
Scrolls
 e - a scroll of random uselessness
Potions
 d - a potion of might
 h - a potion of curing
 i - a potion of heal wounds
Comestibles
 f - 4 rations


   Skills:
 - Level 3.6 Fighting
 + Level 5.8 Long Blades
 - Level 3.6 Armour
 - Level 3.6 Shields


You had 3 spell levels left.
You didn't know any spells.
Your spell library was empty.

Dungeon Overview and Level Annotations

Branches:
Dungeon (3/15)

Altars:


Innate Abilities, Weirdness & Mutations

You reflexively headbutt those who attack you in melee.
You have a pair of horns on your head.


Message History

Your shield and scale mail prevent you from hitting the goblin.
An orc comes into view. It is wielding a +0 club.
The giant cockroach bites you but does no damage.
An orc comes into view. It is wielding a +0 mace.
You block the goblin's attack. x2
You barely miss the goblin.
The orc shouts!
You headbutt the goblin.
You kill the goblin!
The giant cockroach bites you.
An orc priest comes into view. It is wielding a +0 dagger.
You block the orc's attack.
The giant cockroach bites you but does no damage.
The goblin barely misses you.
You riposte.
You closely miss the goblin.
The goblin is severely wounded.
You slash the orc!
You kill the orc!
The orc priest invokes the aid of Beogh against you.
Beogh smites you!
You die...

#............# #
##...........#.# ###....
##............. .......
#..........# .....<.
####.###.#.#... .......
..#........## .......
..#.........# .......
..#)........# ###)....o.
............###g@s...o..
.)...#.#.......)#)...o..
...###.###.#......o%....
..## #.. #...###.....#.#
..# ##.##..## .##..# #
.## .#.... .# .... ##
....#.. ## ##.. .
.....#... .o
#..$...#...#


You could see an orc priest, 4 orcs, a giant cockroach and a goblin.

Vanquished Creatures
  Robin (D:3)
  4 adders
  An ooze (D:2)
  A worm (D:2)
  A leopard gecko (D:1)
  2 orcs (D:3)
  2 bats
  8 hobgoblins
  2 jackals (D:3)
  6 kobolds
  A quokka (D:3)
  A frilled lizard (D:2)
  A giant cockroach (D:2)
  9 goblins
  4 rats
44 creatures vanquished.

Notes
Turn   | Place    | Note
-------+----------+-------------------------------------------
     0 | D:1      | Curus the Minotaur Fighter began the quest for the Orb.
     0 | D:1      | Reached XP level 1. HP: 19/19 MP: 0/0
    75 | D:1      | Reached skill level 3 in Long Blades
   399 | D:1      | Reached XP level 2. HP: 24/26 MP: 1/1
   610 | D:2      | Reached skill level 4 in Long Blades
   660 | D:2      | Reached XP level 3. HP: 29/31 MP: 2/2
   906 | D:2      | Reached skill level 5 in Long Blades
  1001 | D:3      | Reached XP level 4. HP: 25/39 MP: 3/3
  1120 | D:3      | Noticed Robin
  1133 | D:3      | Killed Robin
  1137 | D:3      | Killed from afar by an orc priest

Levels and vault maps discovered:
D:1:      eino_arrival_cavern_a, layout_basic
D:2:      layout_basic
D:3:      layout_rooms, first_ration, uniq_robin

Skill      XL: |  1  2  3 |
---------------+----------+-----
Long Blades    | 3 4 5 |  5.8
Fighting       | |  3.6
Armour         | |  3.6
Shields        | |  3.6

Action                   |  1- 3 |  4- 6 || total
-------------------------+-------+-------++-------
Melee: Long sword        |    74 |    31 ||   105
       Headbutt          |     6 |     4 ||    10
  Use: Potion            |     4 |       ||     4
       Scroll            |     2 |     1 ||     3
Armor: Scale mail        |    48 |    30 ||    78
Dodge: Dodged            |    32 |    23 ||    55
Block: Shield            |    27 |    24 ||    51
       Rpst.: Long sword |     8 |     6 ||    14
